 Dungeon Crawl Stone Soup version 0.30.0-30-g96aa6591b8 (webtiles) character file.

Game seed: 18140679973428317679

557 tizbic2 the Shooter (level 7, -1/53 HPs)
             Began as a Formicid Hunter on June 27, 2023.
             Killed by divine providence
             ... invoked by an orc priest
              (11 damage)
             ... on level 4 of the Dungeon.
             The game lasted 00:13:54 (2674 turns).

tizbic2 the Shooter (Formicid Hunter)               Turns: 2674, Time: 00:13:55

Health: -1/53      AC:  9    Str: 17    XL:     7   Next: 56%
Magic:  7/7        EV:  8    Int:  9    God:
Gold:   151        SH:  5    Dex: 17    Spells: 6/6 levels left

rFire   . . .        a - +0 shortbow
rCold   . . .        (no shield)
rNeg    . . .        k - +0 chain mail
rPois   .            (helmet unavailable)
rElec   .            d - scarf {+Inv}
rCorr   .            (no gloves)
SInv    +            (no boots)
Will    +....        j - amulet of reflection Stlth
                     r - ring of willpower
HPRegen 0.28/turn    (no ring)
MPRegen 0.10/turn

%: reflection
@: no status effects
A: permanent stasis, dig shafts and tunnels, antennae 3, four strong arms
a: Dig, Shaft Self, Evoke Invisibility


You were on level 4 of the Dungeon.
You visited 1 branch of the dungeon, and saw 4 of its levels.

You collected 179 gold pieces.
You spent 28 gold pieces at shops.

Inventory:

Hand Weapons
 a - a +0 shortbow (weapon)
 s - a +0 flail of holy wrath
Missiles
 o - 6 poisoned darts
Armour
 d - a scarf of invisibility (worn)
 k - a +0 chain mail (worn)
Jewellery
 e - a ring of ice
 j - an amulet of reflection (around neck)
 r - a ring of willpower (left hand)
Wands
 c - a wand of flame (23)
Scrolls
 b - a scroll of immolation
 h - a scroll of enchant armour
 i - a scroll of torment {unknown}
 q - a scroll of poison
 t - a scroll of vulnerability {unknown}
Potions
 n - a potion of curing
 p - a potion of heal wounds
 u - a potion of flight


   Skills:
 + Level 3.9 Fighting
 * Level 5.9 Ranged Weapons
 * Level 4.5 Armour
 - Level 1.9 Dodging
 - Level 1.2 Stealth
 + Level 3.6 Shields


You had 6 spell levels left.
You didn't know any spells.
Your spell library contained the following spells:

 Spells                   Type           Power      Damage    Failure   Level
 Sting                    Tmut/Pois      0%         1d3       98%         1
 Poisonous Vapours        Pois/Air       0%         N/A       99%         2
 Gell's Gravitas          Tloc           0%         N/A       100%        3
 Hailstorm                Conj/Ice       0%         3d3       100%        3
 Teleport Other           Tloc           0%         N/A       100%        3
 Ice Form                 Ice/Tmut       0%         N/A       100%        4
 Olgreb's Toxic Radiance  Pois           0%         N/A       100%        4
 Iskenderun's Battlesphe  Conj           0%         2d6       100%        5
 Dispersal                Tloc           0%         N/A       100%        6
 Iron Shot                Conj/Erth      0%         9d1       100%        6
 Simulacrum               Ice/Necr       0%         N/A       100%        6
 Spellforged Servitor     Conj/Summ      0%         N/A       100%        7


Dungeon Overview and Level Annotations

Branches:
Dungeon (4/15)
 Temple: D:4-7

Altars:
Fedhas

Shops:
D:2 =   D:4 *

Annotations:
D:4 Duvessa


Innate Abilities, Weirdness & Mutations

You cannot be hasted, slowed, berserked, paralysed or teleported.
You can dig through walls and to a lower floor.
You have a pair of large antennae on your head. (SInv)
Your four strong arms can wield two-handed weapons with a shield.


Message History

You shoot an arrow.
The arrow hits the orc but does no damage.
The orc is heavily wounded.
The orc hits you but does no damage. The orc barely misses you.
The orc priest looks satisfied for a moment.
Fire: a) +0 shortbow
Press: ? - help, Q - select action, (/) - cycle Shift-Dir - straight line, f/p - orc priest
Aim: an orc priest, wielding a +0 trident and wearing a +0 leather armour (moderately wounded, 63% to hit)
You shoot an arrow. The arrow hits the orc.
You kill the orc!
Fire: a) +0 shortbow
Press: ? - help, Q - select action, (/) - cycle Shift-Dir - straight line, f/p - orc priest
Aim: an orc priest, wielding a +0 trident and wearing a +0 leather armour (moderately wounded, 63% to hit)
You shoot an arrow. The arrow hits the orc.
The orc is moderately wounded.
The orc hits you with a +0 flail. The orc priest barely misses you.
The orc priest hits you but does no damage.
The orc barely misses you.
Fire: a) +0 shortbow
Press: ? - help, Q - select action, (/) - cycle Shift-Dir - straight line, f/p - orc priest
Aim: an orc priest, wielding a +0 trident and wearing a +0 leather armour (moderately wounded, 63% to hit)
You shoot an arrow. The arrow closely misses the orc.
The arrow barely misses the orc priest.
The arrow hits the dart slug.
The dart slug is lightly wounded.
You block the orc's attack.
The orc priest invokes the aid of Beogh against you.
Beogh smites you!
* * * LOW HITPOINT WARNING * * *
The orc attacks as you move away! You block the orc's attack.
The orc attacks as you move away! You block the orc's attack.
There is an open door here.
Fire: a) +0 shortbow
Press: ? - help, Q - select action, (/) - cycle Shift-Dir - straight line, f/p - orc priest
Aim: an orc priest, wielding a +0 trident and wearing a +0 leather armour (moderately wounded, 63% to hit)
You shoot an arrow. The arrow hits the orc.
You kill the orc!
The orc priest invokes the aid of Beogh against you.
Beogh smites you!
You die...

)###........ ..........##.#..
..#......... .....<..........
...[.........# ...............
.#...##....... .............#.
.##...####.... #w..........# #
#......# ##.### #{#......#..###
##.....#. #...# #)##......<.#..
#.........# #...###e###..........
.#..###...####..@)o∩..+..........
.#...###..#.###.###.###........##
.............#...##.#.........###
..†..#.# #........#+#......####
....#### ##..#............##{©.^
#...# #.###...........#?#.#.#
###.### #..#............##...##
....#.# ###.....###........##..
......###...#####.#..#...).##..#


You could see Duvessa and an orc priest.

Vanquished Creatures
  Grinder (D:4)
  A jelly (D:4)
  Ijyb (D:3)
  Natasha (thrice) (D:2)
  Terence (D:3)
  2 orc wizards (D:4)
  6 adders
  A worm (D:2)
  2 dart slugs
  8 orcs (D:4)
  7 ball pythons
  10 endoplasms
  3 giant cockroaches (D:2)
  6 goblins
  10 hobgoblins
  2 jackals (D:3)
  7 quokkas
  4 bats
  3 frilled lizards
  4 kobolds
  A rat (D:2)
83 creatures vanquished.

Notes
Turn   | Place    | Note
-------+----------+-------------------------------------------
     0 | D:1      | tizbic2 the Formicid Hunter began the quest for the Orb.
     0 | D:1      | Reached XP level 1. HP: 16/16 MP: 1/1
    43 | D:1      | Reached XP level 2. HP: 22/22 MP: 2/2
   165 | D:1      | Reached skill level 1 in Armour
   317 | D:1      | Reached XP level 3. HP: 26/28 MP: 3/3
   435 | D:2      | Found Plog's Jewellery Shoppe.
   490 | D:2      | Found a blossoming altar of Fedhas.
   555 | D:2      | Reached skill level 1 in Shields
   722 | D:2      | Noticed Natasha
   733 | D:2      | Killed Natasha
   734 | D:2      | Reached XP level 4. HP: 21/34 MP: 4/4
  1130 | D:2      | Reached XP level 5. HP: 38/38 MP: 5/5
  1263 | D:2      | Noticed Natasha
  1268 | D:2      | Killed Natasha
  1435 | D:2      | Noticed Natasha
  1440 | D:2      | Killed Natasha
  1441 | D:2      | Reached skill level 5 in Ranged Weapons
  1529 | D:3      | Noticed Ijyb
  1562 | D:3      | Killed Ijyb
  1563 | D:3      | Reached XP level 6. HP: 18/47 MP: 6/6
  1706 | D:3      | Found a faded altar of an unknown god.
  1968 | D:3      | Noticed Terence
  1975 | D:3      | Killed Terence
  2127 | D:4      | Noticed a small abomination
  2272 | D:4      | Noticed Grinder
  2304 | D:4      | Killed Grinder
  2305 | D:4      | Reached XP level 7. HP: 37/53 MP: 7/7
  2635 | D:4      | Found Bolah's General Store.
  2648 | D:4      | Bought a scroll of identify for 28 gold pieces
  2666 | D:4      | Noticed Duvessa
  2674 | D:4      | Killed from afar by an orc priest

Illustrated notes

Levels and vault maps discovered:
D:1:      minmay_arrival_checkered_box, layout_rooms, minmay_strange_pillars
D:2:      minmay_chambers_of_twos, layout_loops_corners, basic_altar,
          serial_shops, nicolae_shop_real_fake_doors, minmay_door_square,
          uniq_natasha
D:3:      layout_basic, basic_ecumenical_altar, grunt_decor_arrowhead,
          uniq_ijyb, uniq_terence
D:4:      layout_cave_pools, lightli_sewer_entry_pipes,
          gammafunk_ghost_abyssal_escape, serial_shops,
          nicolae_shop_hallway_plus, uniq_grinder, uniq_duvessa

Skill      XL: |  1  2  3  4  5  6 |
---------------+-------------------+-----
Armour         | 1 2 3 4 |  4.5
Shields        | 1 2 3 |  3.6
Fighting       | 3 |  3.9
Ranged Weapons | 5 |  5.9
Dodging        | |  1.9
Stealth        | |  1.2

Action                     |  1- 3 |  4- 6 |  7- 9 || total
---------------------------+-------+-------+-------++-------
   Fire: Shortbow          |    77 |   194 |    55 ||   326
Ability: Dig               |       |     2 |       ||     2
    Use: Scroll            |     2 |       |     5 ||     7
         Potion            |       |     7 |       ||     7
 Armour: Ring mail         |     5 |       |       ||     5
         Leather armour    |     3 |       |       ||     3
         Chain mail        |     8 |    83 |    29 ||   120
  Dodge: Dodged            |    32 |    78 |    19 ||   129
  Block: Other             |     7 |    26 |    11 ||    44
         Reflection        |       |     2 |       ||     2
